[ AOE2 MATCH · #487992754 ]
UnrankedSicilians vs Cumans
[ REPLAY ANALYSIS · EXTRACTED FROM THE RECORDED GAME ]
Feudal
9:17
Castle
24:52
Imperial
—
| APM avg | 53.4 |
| APM peak | 85 |
| eAPM avg | 20.7 |
| Villagers / military | 59 / 36 |
Focus
⚔️ 23.8% · 🌾 76.2%
Spearman ×23 · Scout Cavalry ×10 · Battering Ram ×3
Feudal
9:39
Castle
21:52
Imperial
—
| APM avg | 85.3 |
| APM peak | 165 |
| eAPM avg | 36.3 |
| Villagers / military | 96 / 63 |
Focus
⚔️ 52.3% · 🌾 47.7%
Scout Cavalry ×32 · Battle Elephant ×26 · Knight ×5
Feudal
8:55
Castle
19:36
Imperial
—
| APM avg | 67.3 |
| APM peak | 200 |
| eAPM avg | 43.3 |
| Villagers / military | 120 / 51 |
Focus
⚔️ 45.9% · 🌾 54.1%
Knight ×46 · Monk ×2 · Steppe Lancer ×2 · Spearman ×1
Feudal
8:39
Castle
—
Imperial
—
| APM avg | 61.3 |
| APM peak | 91 |
| eAPM avg | 32.1 |
| Villagers / military | 67 / 59 |
Focus
⚔️ 47.9% · 🌾 52.1%
Archer ×54 · Demolition Raft ×4 · Spearman ×1
Feudal
9:45
Castle
21:04
Imperial
—
| APM avg | 81.9 |
| APM peak | 130 |
| eAPM avg | 30.5 |
| Villagers / military | 67 / 64 |
Focus
⚔️ 51.1% · 🌾 48.9%
Archer ×63 · Spearman ×1
Feudal
10:48
Castle
23:23
Imperial
—
| APM avg | 91.4 |
| APM peak | 130 |
| eAPM avg | 34.1 |
| Villagers / military | 77 / 67 |
Focus
⚔️ 38.0% · 🌾 62.0%
Archer ×65 · Monk ×1 · Spearman ×1
Feudal
8:56
Castle
20:36
Imperial
—
| APM avg | 36.9 |
| APM peak | 80 |
| eAPM avg | 20.1 |
| Villagers / military | 57 / 79 |
Focus
⚔️ 46.6% · 🌾 53.4%
Archer ×79
Feudal
9:39
Castle
23:34
Imperial
—
| APM avg | 70.1 |
| APM peak | 125 |
| eAPM avg | 31.4 |
| Villagers / military | 67 / 41 |
Focus
⚔️ 51.7% · 🌾 48.3%
Scout Cavalry ×26 · Battle Elephant ×15
Match map
Initial resources + every placement click. Lines = walls · curves = elevation contours. ◆ gold · ⬟ stone · ● berries · ✦ relic · ◌ wall gap
Your base· Open — unwalled flank
12345's base· ✓ Closed at 21:52 · 34t walls · 1 gate(s)
Oni.TheViper's base· Open — unwalled flank
Oni.FreakinAndy's base· ✓ Closed at 26:09 · 41t walls · 6 gate(s)
ANKR.Blve's base· Open — 5t gap
Oni.Kingstone's base· ✓ Closed at 23:23 · 39t walls · 1 gate(s)
BSL | Dragonstar's base· Open — unwalled flank
Oni.dogao's base· ✓ Closed at 23:34 · 2t walls · no gate
Smoothed initial terrain · ◌ = detected wall gap · hover for details
Inputs per minute
— Chainsmokers - - 12345
Build order — Chainsmokers
First 150 of 176 actions detected
| 0:02 | Create | Villager (Male) |
| 0:03 | Build | House |
| 0:05 | Build | House |
| 0:17 | Create | Villager (Male) |
| 0:17 | Create | Villager (Male) |
| 0:27 | Create | Villager (Male) |
| 0:28 | Create | Villager (Male) |
| 1:27 | Create | Villager (Male) |
| 1:27 | Create | Villager (Male) |
| 2:02 | Create | Villager (Male) |
| 2:02 | Create | Villager (Male) |
| 2:25 | Create | Villager (Male) |
| 2:35 | Create | Villager (Male) |
| 3:11 | Create | Villager (Male) |
| 3:15 | Create | Villager (Male) |
| 3:15 | Create | Villager (Male) |
| 3:37 | Create | Villager (Male) |
| 3:38 | Create | Villager (Male) |
| 3:47 | Build | Lumber Camp |
| 4:15 | Build | House |
| 4:29 | Create | Villager (Male) |
| 4:29 | Create | Villager (Male) |
| 4:29 | Create | Villager (Male) |
| 4:30 | Create | Villager (Male) |
| 5:44 | Build | Mill |
| 6:02 | Create | Villager (Male) |
| 6:24 | Create | Villager (Male) |
| 6:47 | Build | House |
| 7:02 | Research | Feudal Age |
| 7:39 | Build | Donjon |
| 8:32 | Create | Villager (Male) |
| 9:17 | Age | Feudal Age |
| 9:18 | Build | Stable |
| 9:25 | Research | Loom |
| 9:25 | Research | Loom |
| 9:26 | Research | Double-Bit Axe |
| 9:34 | Research | Horse Collar |
| 9:34 | Research | Horse Collar |
| 9:51 | Create | Villager (Male) |
| 9:58 | Build | House |
| 9:59 | Create | Scout Cavalry |
| 10:06 | Build | Farm |
| 10:10 | Create | Villager (Male) |
| 10:20 | Build | Farm |
| 10:26 | Build | House |
| 10:30 | Create | Villager (Male) |
| 10:31 | Create | Scout Cavalry |
| 10:34 | Create | Scout Cavalry |
| 10:39 | Build | Farm |
| 11:03 | Build | House |
| 11:05 | Create | Scout Cavalry |
| 11:09 | Create | Villager (Male) |
| 11:09 | Create | Villager (Male) |
| 11:11 | Build | Farm |
| 11:37 | Create | Villager (Male) |
| 11:39 | Build | Farm |
| 11:42 | Build | Farm |
| 11:43 | Build | Farm |
| 12:08 | Build | Farm |
| 12:09 | Build | Farm |
| 12:16 | Create | Villager (Male) |
| 12:27 | Create | Scout Cavalry |
| 12:36 | Build | Farm |
| 12:37 | Build | Farm |
| 12:43 | Create | Villager (Male) |
| 12:58 | Build | Farm |
| 13:00 | Build | Farm |
| 13:17 | Create | Villager (Male) |
| 13:24 | Build | Farm |
| 13:25 | Build | Farm |
| 13:33 | Create | Villager (Male) |
| 13:44 | Create | Scout Cavalry |
| 14:03 | Build | Mining Camp |
| 14:11 | Create | Scout Cavalry |
| 14:22 | Build | Donjon |
| 14:24 | Create | Scout Cavalry |
| 14:28 | Create | Villager (Male) |
| 14:47 | Create | Villager (Male) |
| 14:58 | Build | House |
| 15:05 | Build | Blacksmith |
| 15:08 | Create | Villager (Male) |
| 15:16 | Build | House |
| 15:17 | Build | House |
| 15:22 | Create | Scout Cavalry |
| 15:25 | Create | Villager (Male) |
| 15:39 | Create | Villager (Male) |
| 15:58 | Create | Villager (Male) |
| 16:05 | Build | Mining Camp |
| 16:18 | Build | Donjon |
| 16:48 | Research | Wheelbarrow |
| 17:09 | Research | Forging |
| 17:12 | Build | Farm |
| 17:13 | Build | Farm |
| 17:30 | Build | Farm |
| 17:44 | Build | Stone Wall |
| 17:52 | Build | Stone Wall |
| 17:56 | Build | Stone Wall |
| 18:06 | Build | Gate |
| 18:09 | Build | Stone Wall |
| 18:10 | Build | Stone Wall |
| 18:10 | Build | Stone Wall |
| 18:17 | Build | Stone Wall |
| 18:18 | Build | Stone Wall |
| 18:27 | Create | Villager (Male) |
| 18:42 | Research | Scale Barding Armor |
| 18:43 | Research | Bloodlines |
| 18:45 | Create | Scout Cavalry |
| 18:46 | Create | Villager (Male) |
| 19:14 | Create | Villager (Male) |
| 19:28 | Create | Villager (Male) |
| 19:43 | Create | Villager (Male) |
| 19:51 | Build | Farm |
| 19:52 | Build | Farm |
| 20:10 | Create | Villager (Male) |
| 20:13 | Build | Donjon |
| 20:31 | Build | Market |
| 20:38 | Build | Farm |
| 20:43 | Build | Farm |
| 20:45 | Create | Villager (Male) |
| 20:50 | Build | Farm |
| 20:59 | Build | Palisade Wall |
| 21:01 | Build | Palisade Wall |
| 21:04 | Create | Villager (Male) |
| 21:36 | Create | Villager (Male) |
| 21:47 | Build | Gate |
| 22:07 | Research | Castle Age |
| 22:07 | Research | Castle Age |
| 23:02 | Create | Spearman |
| 23:02 | Create | Spearman |
| 23:12 | Research | Fletching |
| 23:21 | Build | Lumber Camp |
| 23:31 | Create | Spearman |
| 23:39 | Create | Villager (Male) |
| 23:43 | Create | Spearman |
| 23:53 | Research | Scale Mail Armor |
| 23:54 | Research | Scale Mail Armor |
| 24:26 | Create | Villager (Male) |
| 24:29 | Create | Villager (Male) |
| 24:52 | Age | Castle Age |
| 24:55 | Build | Siege Workshop |
| 25:45 | Create | Battering Ram |
| 25:54 | Create | Spearman |
| 25:54 | Create | Spearman |
| 25:56 | Create | Spearman |
| 25:57 | Create | Spearman |
| 25:57 | Create | Villager (Male) |
| 26:09 | Research | Pikeman (upgrade) |
| 26:09 | Research | Pikeman (upgrade) |
| 26:13 | Research | Bow Saw |
| 26:13 | Research | Bow Saw |
Build order — 12345
First 150 of 263 actions detected
| 0:01 | Create | Villager (Male) |
| 0:02 | Build | House |
| 0:04 | Build | House |
| 0:11 | Create | Villager (Male) |
| 0:12 | Create | Villager (Male) |
| 0:12 | Create | Villager (Male) |
| 1:31 | Create | Villager (Male) |
| 1:57 | Create | Villager (Male) |
| 1:57 | Create | Villager (Male) |
| 2:09 | Create | Villager (Male) |
| 2:09 | Create | Villager (Male) |
| 2:37 | Create | Villager (Male) |
| 2:37 | Create | Villager (Male) |
| 2:59 | Create | Villager (Male) |
| 3:36 | Create | Villager (Male) |
| 3:36 | Create | Villager (Male) |
| 3:41 | Build | Lumber Camp |
| 3:58 | Create | Villager (Male) |
| 4:25 | Build | House |
| 4:48 | Create | Villager (Male) |
| 4:54 | Build | House |
| 5:07 | Create | Villager (Male) |
| 5:23 | Create | Villager (Male) |
| 5:23 | Create | Villager (Male) |
| 5:27 | Create | Villager (Male) |
| 6:14 | Create | Villager (Male) |
| 6:35 | Build | Mill |
| 6:50 | Create | Villager (Male) |
| 7:53 | Create | Villager (Male) |
| 8:07 | Research | Feudal Age |
| 8:07 | Research | Feudal Age |
| 8:35 | Build | Lumber Camp |
| 8:43 | Create | Villager (Male) |
| 8:44 | Create | Villager (Male) |
| 8:55 | Build | House |
| 8:56 | Build | Barracks |
| 9:39 | Age | Feudal Age |
| 9:55 | Build | Stable |
| 10:13 | Create | Villager (Male) |
| 10:21 | Research | Double-Bit Axe |
| 10:32 | Create | Villager (Male) |
| 10:36 | Research | Horse Collar |
| 10:37 | Research | Horse Collar |
| 10:38 | Create | Scout Cavalry |
| 10:38 | Create | Scout Cavalry |
| 10:41 | Build | House |
| 10:45 | Build | House |
| 10:46 | Build | House |
| 10:47 | Build | House |
| 10:50 | Build | House |
| 10:52 | Create | Villager (Male) |
| 11:01 | Create | Villager (Male) |
| 11:06 | Build | Farm |
| 11:13 | Create | Scout Cavalry |
| 11:13 | Create | Scout Cavalry |
| 11:25 | Build | Farm |
| 11:32 | Build | Farm |
| 11:33 | Build | Farm |
| 11:46 | Build | Farm |
| 11:57 | Build | Farm |
| 11:58 | Build | Farm |
| 12:01 | Create | Villager (Male) |
| 12:11 | Build | Farm |
| 12:13 | Build | Farm |
| 12:17 | Build | House |
| 12:22 | Research | Loom |
| 12:22 | Research | Loom |
| 12:23 | Create | Scout Cavalry |
| 12:23 | Create | Scout Cavalry |
| 12:39 | Build | Farm |
| 12:42 | Build | Farm |
| 12:51 | Build | House |
| 12:53 | Build | Palisade Wall |
| 12:59 | Create | Villager (Male) |
| 13:01 | Create | Scout Cavalry |
| 13:02 | Create | Scout Cavalry |
| 13:11 | Build | Farm |
| 13:16 | Build | Farm |
| 13:23 | Create | Villager (Male) |
| 13:28 | Build | Farm |
| 13:38 | Create | Villager (Male) |
| 13:41 | Build | Farm |
| 13:42 | Build | Farm |
| 13:52 | Create | Scout Cavalry |
| 14:15 | Create | Scout Cavalry |
| 14:19 | Create | Villager (Male) |
| 14:19 | Create | Villager (Male) |
| 14:21 | Build | Farm |
| 14:22 | Build | Farm |
| 14:32 | Create | Scout Cavalry |
| 14:45 | Create | Villager (Male) |
| 14:45 | Create | Villager (Male) |
| 14:47 | Build | Blacksmith |
| 14:49 | Create | Villager (Male) |
| 15:02 | Build | Farm |
| 15:04 | Create | Scout Cavalry |
| 15:09 | Build | Farm |
| 15:18 | Create | Villager (Male) |
| 15:20 | Build | Farm |
| 15:37 | Research | Scale Barding Armor |
| 15:56 | Create | Scout Cavalry |
| 15:57 | Create | Villager (Male) |
| 16:00 | Build | Farm |
| 16:18 | Build | Farm |
| 16:21 | Research | Wheelbarrow |
| 16:39 | Create | Scout Cavalry |
| 16:40 | Create | Villager (Male) |
| 16:43 | Create | Scout Cavalry |
| 17:06 | Build | Lumber Camp |
| 17:12 | Create | Scout Cavalry |
| 17:16 | Research | Forging |
| 17:30 | Build | Palisade Gate |
| 17:40 | Create | Villager (Male) |
| 17:41 | Create | Villager (Male) |
| 18:00 | Create | Villager (Male) |
| 18:07 | Create | Scout Cavalry |
| 18:14 | Build | Mining Camp |
| 18:16 | Build | House |
| 18:17 | Build | House |
| 18:19 | Build | Palisade Wall |
| 18:20 | Build | Palisade Wall |
| 18:23 | Build | House |
| 18:24 | Build | Palisade Wall |
| 18:28 | Create | Scout Cavalry |
| 18:34 | Build | House |
| 18:41 | Create | Scout Cavalry |
| 18:43 | Create | Villager (Male) |
| 19:05 | Build | Stable |
| 19:06 | Build | Palisade Wall |
| 19:09 | Create | Villager (Male) |
| 19:18 | Create | Scout Cavalry |
| 19:44 | Create | Villager (Male) |
| 19:54 | Build | House |
| 19:56 | Build | House |
| 19:57 | Build | Palisade Wall |
| 19:59 | Build | Palisade Wall |
| 20:01 | Build | Palisade Wall |
| 20:03 | Build | Palisade Wall |
| 20:05 | Build | Palisade Wall |
| 20:16 | Research | Castle Age |
| 20:16 | Research | Castle Age |
| 20:48 | Create | Scout Cavalry |
| 20:49 | Create | Scout Cavalry |
| 20:49 | Create | Scout Cavalry |
| 20:54 | Create | Scout Cavalry |
| 21:04 | Create | Scout Cavalry |
| 21:34 | Create | Scout Cavalry |
| 21:34 | Create | Scout Cavalry |
| 21:52 | Age | Castle Age |
| 21:57 | Create | Scout Cavalry ×5 |
Build order — Oni.TheViper
First 150 of 290 actions detected
| 0:00 | Create | Villager (Male) |
| 0:01 | Create | Villager (Male) |
| 0:02 | Build | House |
| 0:20 | Create | Villager (Male) |
| 0:27 | Create | Villager (Male) |
| 1:23 | Create | Villager (Male) |
| 1:23 | Create | Villager (Male) |
| 1:49 | Create | Villager (Male) |
| 2:24 | Create | Villager (Male) |
| 2:34 | Create | Villager (Male) |
| 2:41 | Build | Lumber Camp |
| 2:55 | Create | Villager (Male) |
| 2:57 | Build | House |
| 2:58 | Research | Loom |
| 3:00 | Create | Villager (Male) |
| 3:00 | Create | Villager (Male) |
| 3:01 | Create | Villager (Male) |
| 3:22 | Create | Villager (Male) |
| 3:40 | Create | Villager (Male) |
| 3:58 | Create | Villager (Male) |
| 4:06 | Create | Villager (Male) |
| 4:44 | Build | House |
| 5:54 | Create | Villager (Male) |
| 6:02 | Build | Mill |
| 6:45 | Research | Feudal Age |
| 6:46 | Research | Feudal Age |
| 7:50 | Build | House |
| 8:55 | Age | Feudal Age |
| 8:58 | Build | Town Center |
| 8:59 | Create | Villager (Male) |
| 9:04 | Research | Double-Bit Axe |
| 9:05 | Research | Double-Bit Axe |
| 9:05 | Create | Villager (Male) |
| 9:35 | Create | Villager (Male) |
| 9:38 | Research | Horse Collar |
| 9:43 | Build | House |
| 9:46 | Create | Villager (Male) |
| 10:15 | Build | House |
| 10:16 | Build | House |
| 10:24 | Create | Villager (Male) |
| 10:32 | Build | Farm |
| 10:48 | Build | House |
| 10:52 | Create | Villager (Male) |
| 10:56 | Build | Farm |
| 11:11 | Create | Villager (Male) |
| 11:12 | Create | Villager (Male) |
| 11:13 | Create | Villager (Male) |
| 11:14 | Build | Farm |
| 11:27 | Create | Villager (Male) |
| 11:35 | Build | Farm |
| 11:44 | Create | Villager (Male) |
| 11:52 | Build | Farm |
| 11:59 | Build | Farm |
| 12:12 | Build | Farm |
| 12:17 | Create | Villager (Male) |
| 12:17 | Create | Villager (Male) |
| 12:20 | Build | House |
| 12:31 | Build | Farm |
| 12:33 | Create | Villager (Male) |
| 12:34 | Create | Villager (Male) |
| 12:35 | Create | Villager (Male) |
| 12:47 | Create | Villager (Male) |
| 12:47 | Create | Villager (Male) |
| 12:49 | Build | Farm |
| 12:51 | Create | Villager (Male) |
| 13:05 | Build | Farm |
| 13:06 | Create | Villager (Male) |
| 13:07 | Create | Villager (Male) |
| 13:13 | Build | Farm |
| 13:28 | Research | Wheelbarrow |
| 13:29 | Research | Wheelbarrow |
| 13:35 | Build | Farm |
| 13:37 | Create | Villager (Male) |
| 13:46 | Create | Villager (Male) |
| 13:47 | Build | Farm |
| 13:53 | Create | Villager (Male) |
| 13:56 | Build | Farm |
| 14:04 | Build | Farm |
| 14:21 | Create | Villager (Male) |
| 14:31 | Build | Market |
| 14:53 | Create | Villager (Male) |
| 14:54 | Create | Villager (Male) |
| 15:01 | Build | Blacksmith |
| 15:03 | Build | Blacksmith |
| 15:06 | Create | Villager (Male) |
| 15:29 | Build | Farm |
| 15:30 | Build | Farm |
| 15:33 | Build | Farm |
| 15:35 | Create | Villager (Male) |
| 15:35 | Create | Villager (Male) |
| 15:50 | Create | Villager (Male) |
| 15:50 | Create | Villager (Male) |
| 16:06 | Build | Barracks |
| 16:12 | Build | Farm |
| 16:27 | Create | Villager (Male) |
| 16:36 | Build | Farm |
| 16:56 | Research | Castle Age |
| 16:57 | Create | Villager (Male) |
| 16:57 | Create | Villager (Male) |
| 17:01 | Build | Stable |
| 17:07 | Build | Farm |
| 17:08 | Create | Villager (Male) |
| 17:16 | Build | Farm |
| 17:28 | Build | Farm |
| 17:30 | Create | Villager (Male) |
| 17:33 | Build | House |
| 17:39 | Build | Farm |
| 17:46 | Create | Villager (Male) |
| 17:46 | Create | Villager (Male) |
| 17:58 | Build | Farm |
| 18:01 | Research | Bloodlines |
| 18:02 | Research | Scale Barding Armor |
| 18:10 | Build | Stable |
| 18:14 | Create | Villager (Male) |
| 18:20 | Build | House |
| 18:21 | Build | House |
| 18:37 | Create | Villager (Male) |
| 18:44 | Research | Forging |
| 18:50 | Build | Mining Camp |
| 19:00 | Create | Villager (Male) |
| 19:25 | Build | Lumber Camp |
| 19:28 | Create | Villager (Male) |
| 19:36 | Age | Castle Age |
| 19:37 | Create | Steppe Lancer |
| 19:37 | Create | Steppe Lancer |
| 19:38 | Research | Chain Barding Armor |
| 19:41 | Create | Villager (Male) |
| 19:42 | Create | Villager (Male) |
| 19:58 | Create | Knight |
| 19:59 | Create | Knight |
| 20:00 | Create | Villager (Male) |
| 20:15 | Create | Villager (Male) |
| 20:21 | Create | Knight |
| 20:21 | Create | Knight |
| 20:37 | Create | Villager (Male) |
| 20:42 | Create | Knight |
| 20:43 | Create | Knight |
| 20:57 | Create | Villager (Male) |
| 21:04 | Build | Town Center |
| 21:06 | Research | Hand Cart |
| 21:07 | Research | Town Watch |
| 21:10 | Build | House |
| 21:10 | Build | House |
| 21:23 | Create | Knight |
| 21:31 | Create | Villager (Male) |
| 21:40 | Build | House |
| 21:40 | Build | House |
| 21:42 | Research | Bow Saw |
| 21:42 | Research | Bow Saw |
| 21:44 | Create | Villager (Male) |
Build order — Oni.FreakinAndy
First 150 of 230 actions detected
| 0:00 | Research | Loom |
| 0:00 | Research | Loom |
| 0:39 | Create | Villager (Male) |
| 0:39 | Create | Villager (Male) |
| 1:01 | Create | Villager (Male) |
| 1:01 | Create | Villager (Male) |
| 1:27 | Create | Villager (Male) |
| 1:27 | Create | Villager (Male) |
| 1:47 | Create | Villager (Male) |
| 1:48 | Create | Villager (Male) |
| 2:02 | Create | Villager (Male) |
| 2:23 | Build | Lumber Camp |
| 2:26 | Create | Villager (Male) |
| 2:27 | Create | Villager (Male) |
| 3:06 | Create | Villager (Male) |
| 3:16 | Build | House |
| 3:17 | Build | Palisade Wall |
| 3:28 | Create | Villager (Male) |
| 3:28 | Create | Villager (Male) |
| 4:09 | Create | Villager (Male) |
| 4:33 | Build | House |
| 4:47 | Create | Villager (Male) |
| 5:04 | Build | House |
| 5:10 | Create | Villager (Male) |
| 5:35 | Create | Villager (Male) |
| 5:52 | Create | Villager (Male) |
| 5:59 | Build | Mining Camp |
| 6:29 | Research | Feudal Age |
| 6:29 | Research | Feudal Age |
| 7:10 | Create | Villager (Male) |
| 7:28 | Build | Palisade Wall |
| 7:33 | Build | Barracks |
| 7:44 | Build | Palisade Wall |
| 8:39 | Age | Feudal Age |
| 8:41 | Build | Archery Range |
| 8:47 | Create | Villager (Male) |
| 9:02 | Build | Archery Range |
| 9:07 | Build | House |
| 9:16 | Create | Villager (Male) |
| 9:31 | Create | Villager (Male) |
| 9:52 | Build | Stone Wall |
| 10:00 | Create | Archer |
| 10:00 | Create | Archer |
| 10:01 | Research | Double-Bit Axe |
| 10:06 | Build | Mill |
| 10:08 | Create | Villager (Male) |
| 10:29 | Build | Stone Wall |
| 10:36 | Build | Stone Wall |
| 10:42 | Build | Dock |
| 10:46 | Create | Archer |
| 10:50 | Create | Villager (Male) |
| 10:52 | Create | Villager (Male) |
| 10:53 | Create | Villager (Male) |
| 11:29 | Create | Villager (Male) |
| 11:39 | Create | Archer |
| 11:39 | Create | Archer |
| 11:47 | Create | Villager (Male) |
| 11:50 | Build | Stone Wall |
| 11:56 | Build | Farm |
| 11:57 | Build | Farm |
| 12:09 | Create | Archer |
| 12:10 | Create | Spearman |
| 12:19 | Create | Villager (Male) |
| 12:20 | Build | House |
| 12:22 | Create | Villager (Male) |
| 12:41 | Build | Stone Wall |
| 12:42 | Build | Stone Wall |
| 12:43 | Build | Stone Wall |
| 12:51 | Create | Villager (Male) |
| 13:09 | Build | Farm |
| 13:11 | Research | Double-Bit Axe |
| 13:11 | Research | Double-Bit Axe |
| 13:21 | Create | Villager (Male) |
| 13:21 | Create | Villager (Male) |
| 13:22 | Build | Farm |
| 13:30 | Build | House |
| 13:38 | Create | Villager (Male) |
| 13:38 | Create | Villager (Male) |
| 13:50 | Create | Archer |
| 13:50 | Create | Archer |
| 13:50 | Create | Archer |
| 13:54 | Create | Villager (Male) |
| 14:03 | Build | Farm |
| 14:06 | Build | House |
| 14:13 | Create | Villager (Male) |
| 14:22 | Create | Archer |
| 14:23 | Create | Archer |
| 14:47 | Create | Villager (Male) |
| 14:55 | Build | Blacksmith |
| 15:03 | Create | Villager (Male) |
| 15:09 | Create | Archer |
| 15:09 | Create | Archer |
| 15:14 | Create | Villager (Male) |
| 15:17 | Build | Stone Wall |
| 15:18 | Build | Stone Wall |
| 15:19 | Build | Stone Wall |
| 15:23 | Build | Stone Wall |
| 15:26 | Build | Stone Wall |
| 15:31 | Research | Fletching |
| 15:31 | Research | Fletching |
| 15:31 | Create | Archer |
| 15:34 | Create | Archer |
| 15:35 | Create | Archer |
| 15:38 | Create | Villager (Male) |
| 15:44 | Create | Villager (Male) |
| 15:51 | Build | House |
| 16:06 | Build | House |
| 16:10 | Create | Archer |
| 16:13 | Create | Archer |
| 16:15 | Create | Villager (Male) |
| 16:18 | Create | Villager (Male) |
| 16:20 | Build | House |
| 16:21 | Create | Villager (Male) |
| 16:30 | Create | Archer |
| 16:35 | Build | Mining Camp |
| 16:45 | Create | Archer |
| 16:45 | Create | Archer |
| 16:50 | Create | Villager (Male) |
| 17:08 | Create | Archer |
| 17:08 | Create | Archer |
| 17:09 | Create | Villager (Male) |
| 17:13 | Build | Archery Range |
| 17:28 | Research | Padded Archer Armor |
| 17:28 | Research | Padded Archer Armor |
| 17:28 | Research | Padded Archer Armor |
| 17:29 | Create | Villager (Male) |
| 17:42 | Build | Watch Tower |
| 17:48 | Create | Archer |
| 17:48 | Create | Archer |
| 17:51 | Create | Villager (Male) |
| 17:58 | Create | Archer |
| 17:59 | Create | Archer |
| 18:06 | Build | Lumber Camp |
| 18:15 | Create | Archer |
| 18:16 | Create | Archer |
| 18:17 | Create | Villager (Male) |
| 18:39 | Create | Villager (Male) |
| 19:01 | Create | Villager (Male) |
| 19:06 | Build | Watch Tower |
| 19:08 | Create | Archer |
| 19:12 | Build | Market |
| 19:15 | Create | Villager (Male) |
| 19:20 | Create | Archer |
| 19:24 | Build | House |
| 19:24 | Build | House |
| 19:40 | Build | Gate |
| 19:45 | Build | Gate |
| 19:49 | Build | House |
| 19:51 | Build | Gate |
| 19:53 | Build | House |
Build order — ANKR.Blve
First 150 of 196 actions detected
| 0:02 | Create | Villager (Male) ×4 |
| 0:02 | Create | Villager (Male) ×4 |
| 0:04 | Build | House |
| 1:34 | Create | Villager (Male) |
| 1:52 | Build | House |
| 1:52 | Build | House |
| 2:01 | Create | Villager (Male) |
| 2:01 | Create | Villager (Male) |
| 2:10 | Create | Villager (Male) |
| 2:10 | Create | Villager (Male) |
| 2:45 | Create | Villager (Male) |
| 3:24 | Create | Villager (Male) |
| 3:24 | Create | Villager (Male) |
| 3:24 | Create | Villager (Male) |
| 3:31 | Create | Villager (Male) |
| 3:46 | Create | Villager (Male) |
| 3:47 | Create | Villager (Male) |
| 3:57 | Build | Lumber Camp |
| 4:16 | Create | Villager (Male) |
| 4:16 | Create | Villager (Male) |
| 4:31 | Create | Villager (Male) |
| 4:31 | Create | Villager (Male) |
| 5:39 | Create | Villager (Male) |
| 6:01 | Build | House |
| 6:18 | Build | Mining Camp |
| 6:43 | Create | Villager (Male) |
| 6:46 | Create | Villager (Male) |
| 7:33 | Build | Lumber Camp |
| 7:35 | Research | Feudal Age |
| 7:36 | Research | Feudal Age |
| 9:02 | Build | House |
| 9:22 | Build | Mill |
| 9:41 | Create | Villager (Male) |
| 9:45 | Age | Feudal Age |
| 9:48 | Build | Barracks |
| 10:07 | Create | Villager (Male) |
| 10:22 | Build | Archery Range |
| 10:24 | Build | Archery Range |
| 10:29 | Build | Archery Range |
| 10:38 | Create | Villager (Male) |
| 10:40 | Create | Villager (Male) |
| 10:42 | Build | Archery Range |
| 10:44 | Build | House |
| 10:45 | Build | Palisade Wall |
| 10:51 | Create | Spearman |
| 10:59 | Build | House |
| 11:11 | Create | Villager (Male) |
| 11:26 | Create | Villager (Male) |
| 11:31 | Build | Blacksmith |
| 11:34 | Build | Blacksmith |
| 11:35 | Create | Archer |
| 11:36 | Create | Archer |
| 11:54 | Build | House |
| 12:02 | Create | Archer |
| 12:02 | Create | Archer |
| 12:05 | Research | Double-Bit Axe |
| 12:06 | Research | Double-Bit Axe |
| 12:13 | Build | Palisade Wall |
| 12:18 | Create | Villager (Male) |
| 12:21 | Research | Fletching |
| 12:35 | Build | Mill |
| 12:44 | Create | Archer |
| 12:44 | Create | Archer |
| 12:46 | Create | Villager (Male) |
| 13:04 | Create | Archer |
| 13:05 | Create | Archer |
| 13:09 | Build | Farm |
| 13:11 | Build | Farm |
| 13:18 | Create | Villager (Male) |
| 13:20 | Research | Double-Bit Axe |
| 13:26 | Build | Farm |
| 13:32 | Create | Villager (Male) |
| 13:40 | Create | Archer |
| 13:40 | Create | Archer |
| 13:59 | Build | House |
| 14:21 | Create | Villager (Male) |
| 14:21 | Create | Archer |
| 14:21 | Create | Archer |
| 14:29 | Create | Villager (Male) |
| 14:30 | Create | Villager (Male) |
| 14:37 | Build | Farm |
| 14:37 | Build | Farm |
| 14:44 | Create | Archer |
| 14:47 | Build | Farm |
| 14:48 | Build | Farm |
| 14:50 | Build | Farm |
| 15:11 | Create | Villager (Male) |
| 15:16 | Build | House |
| 15:21 | Create | Archer |
| 15:25 | Build | Farm |
| 15:57 | Create | Archer |
| 16:07 | Create | Archer |
| 16:13 | Build | Farm |
| 16:16 | Create | Archer |
| 16:31 | Create | Villager (Male) |
| 16:33 | Create | Villager (Male) |
| 16:42 | Create | Villager (Male) |
| 16:44 | Create | Archer |
| 16:45 | Create | Archer |
| 16:48 | Create | Villager (Male) |
| 16:55 | Create | Archer |
| 16:58 | Create | Villager (Male) |
| 16:59 | Create | Villager (Male) |
| 17:03 | Create | Villager (Male) |
| 17:12 | Create | Villager (Male) |
| 17:14 | Build | Farm |
| 17:31 | Build | House |
| 17:33 | Build | House |
| 17:47 | Build | Farm |
| 17:49 | Create | Villager (Male) |
| 17:50 | Build | Mining Camp |
| 17:51 | Build | Mining Camp |
| 18:01 | Create | Archer |
| 18:02 | Create | Archer |
| 18:11 | Build | House |
| 18:24 | Research | Castle Age |
| 18:24 | Research | Castle Age |
| 18:24 | Research | Castle Age |
| 18:29 | Build | Archery Range |
| 18:32 | Build | Archery Range |
| 18:34 | Build | Palisade Gate |
| 18:40 | Build | Palisade Wall |
| 18:43 | Build | House |
| 18:45 | Build | Palisade Wall |
| 18:46 | Build | Palisade Wall |
| 18:54 | Create | Archer |
| 18:54 | Create | Archer |
| 19:14 | Build | Palisade Gate |
| 19:17 | Create | Archer |
| 19:18 | Create | Archer |
| 19:34 | Build | House |
| 19:34 | Create | Villager (Male) |
| 19:48 | Create | Villager (Male) |
| 19:51 | Create | Villager (Male) |
| 19:57 | Create | Villager (Male) |
| 20:03 | Create | Villager (Male) |
| 20:04 | Create | Archer |
| 20:04 | Create | Archer |
| 20:17 | Build | Lumber Camp |
| 20:30 | Research | Padded Archer Armor |
| 21:04 | Age | Castle Age |
| 21:06 | Research | Crossbowman (upgrade) |
| 21:09 | Research | Bodkin Arrow |
| 21:10 | Create | Archer |
| 21:11 | Create | Archer |
| 21:20 | Create | Villager (Male) |
| 21:40 | Create | Villager (Male) |
| 21:53 | Create | Archer |
| 21:53 | Create | Archer |
| 21:53 | Create | Archer |
Build order — Oni.Kingstone
First 150 of 245 actions detected
| 0:00 | Create | Villager (Male) |
| 0:01 | Create | Villager (Male) |
| 0:01 | Create | Villager (Male) |
| 0:02 | Build | House |
| 0:03 | Build | House |
| 0:10 | Create | Villager (Male) |
| 1:08 | Create | Villager (Male) |
| 1:08 | Create | Villager (Male) |
| 1:32 | Create | Villager (Male) |
| 2:13 | Create | Villager (Male) |
| 2:27 | Build | Lumber Camp |
| 2:42 | Create | Villager (Male) |
| 3:03 | Create | Villager (Male) |
| 3:15 | Create | Villager (Male) |
| 3:15 | Create | Villager (Male) |
| 3:42 | Create | Villager (Male) |
| 4:02 | Create | Villager (Male) |
| 4:07 | Create | Villager (Male) |
| 4:07 | Create | Villager (Male) |
| 4:21 | Build | House |
| 4:26 | Create | Villager (Male) |
| 4:26 | Create | Villager (Male) |
| 4:53 | Create | Villager (Male) |
| 4:53 | Create | Villager (Male) |
| 5:55 | Create | Villager (Male) |
| 6:09 | Build | Lumber Camp |
| 6:13 | Create | Villager (Male) |
| 6:28 | Build | House |
| 6:32 | Create | Villager (Male) |
| 6:44 | Research | Loom |
| 7:32 | Create | Villager (Male) |
| 8:01 | Build | Mining Camp |
| 8:13 | Create | Villager (Male) |
| 8:33 | Research | Feudal Age |
| 9:00 | Build | Barracks |
| 9:04 | Build | Palisade Wall |
| 10:18 | Create | Villager (Male) |
| 10:35 | Create | Villager (Male) |
| 10:48 | Age | Feudal Age |
| 10:49 | Create | Villager (Male) |
| 10:51 | Build | Archery Range |
| 10:52 | Build | Archery Range |
| 10:52 | Research | Double-Bit Axe |
| 10:54 | Create | Villager (Male) |
| 10:55 | Build | House |
| 10:57 | Build | House |
| 11:03 | Build | Mill |
| 11:25 | Build | House |
| 11:27 | Build | Palisade Wall |
| 11:27 | Build | Palisade Wall |
| 11:28 | Build | Palisade Wall |
| 11:29 | Create | Villager (Male) |
| 11:31 | Create | Archer |
| 11:31 | Create | Archer |
| 11:43 | Build | Farm |
| 11:43 | Build | Farm |
| 11:49 | Create | Archer |
| 11:50 | Create | Archer |
| 12:03 | Create | Archer |
| 12:03 | Create | Villager (Male) |
| 12:12 | Create | Archer |
| 12:21 | Build | Palisade Wall |
| 12:23 | Build | Palisade Wall |
| 12:25 | Build | Palisade Wall |
| 12:26 | Build | Palisade Wall |
| 12:26 | Build | Palisade Wall |
| 12:29 | Build | Palisade Wall |
| 12:32 | Build | Palisade Wall |
| 12:34 | Build | Palisade Wall |
| 12:43 | Create | Villager (Male) |
| 12:45 | Build | Blacksmith |
| 12:50 | Create | Archer |
| 12:57 | Create | Archer |
| 12:57 | Create | Villager (Male) |
| 13:13 | Build | Farm |
| 13:16 | Build | Farm |
| 13:21 | Research | Fletching |
| 13:22 | Create | Archer |
| 13:26 | Build | House |
| 13:35 | Build | Palisade Wall |
| 13:38 | Create | Villager (Male) |
| 13:38 | Create | Villager (Male) |
| 13:39 | Build | Farm |
| 13:48 | Create | Archer |
| 13:59 | Create | Archer |
| 14:04 | Create | Villager (Male) |
| 14:17 | Create | Villager (Male) |
| 14:21 | Create | Archer |
| 14:22 | Build | House |
| 14:35 | Build | Farm |
| 14:36 | Build | Farm |
| 14:36 | Build | Farm |
| 14:39 | Create | Archer |
| 14:39 | Create | Villager (Male) |
| 14:49 | Create | Archer |
| 14:53 | Build | House |
| 15:19 | Create | Archer |
| 15:22 | Create | Villager (Male) |
| 15:34 | Create | Villager (Male) |
| 15:48 | Create | Archer |
| 16:08 | Build | Market |
| 16:10 | Create | Archer |
| 16:14 | Research | Padded Archer Armor |
| 16:19 | Create | Villager (Male) |
| 16:20 | Create | Archer |
| 16:29 | Create | Archer |
| 16:38 | Create | Villager (Male) |
| 16:41 | Create | Villager (Male) |
| 16:53 | Create | Villager (Male) |
| 17:07 | Create | Villager (Male) |
| 17:12 | Create | Villager (Male) |
| 17:13 | Build | Farm |
| 17:13 | Build | Farm |
| 17:14 | Build | Farm |
| 17:14 | Build | Farm |
| 17:14 | Build | Farm |
| 17:14 | Build | Farm |
| 17:23 | Create | Archer |
| 17:25 | Create | Villager (Male) |
| 17:27 | Build | Farm |
| 17:28 | Build | Farm |
| 17:31 | Create | Archer |
| 17:35 | Create | Archer |
| 17:39 | Create | Villager (Male) |
| 17:42 | Create | Spearman |
| 17:53 | Create | Villager (Male) |
| 18:00 | Create | Archer |
| 18:05 | Build | House |
| 18:17 | Create | Archer |
| 18:17 | Create | Archer |
| 18:18 | Create | Villager (Male) |
| 18:25 | Build | Palisade Wall |
| 18:27 | Build | Palisade Wall |
| 18:28 | Build | Palisade Wall |
| 18:33 | Build | Palisade Wall |
| 18:35 | Build | Palisade Wall |
| 18:46 | Build | Mining Camp |
| 18:48 | Create | Archer |
| 18:48 | Create | Archer |
| 18:53 | Create | Villager (Male) |
| 19:05 | Create | Archer |
| 19:05 | Create | Villager (Male) |
| 19:11 | Build | Palisade Gate |
| 19:27 | Build | Lumber Camp |
| 19:46 | Create | Villager (Male) |
| 19:49 | Build | Farm |
| 19:50 | Build | Farm |
| 20:24 | Build | Palisade Wall |
| 20:30 | Build | Palisade Wall |
| 20:43 | Research | Castle Age |
Build order — BSL | Dragonstar
First 150 of 200 actions detected
| 0:01 | Create | Villager (Male) |
| 0:03 | Build | House |
| 0:14 | Create | Villager (Male) |
| 0:15 | Create | Villager (Male) |
| 0:15 | Create | Villager (Male) |
| 1:12 | Create | Villager (Male) |
| 1:12 | Create | Villager (Male) |
| 1:45 | Build | Settlement |
| 1:48 | Create | Villager (Male) |
| 2:06 | Create | Villager (Male) |
| 2:34 | Create | Villager (Male) |
| 2:59 | Create | Villager (Male) |
| 3:20 | Create | Villager (Male) |
| 3:20 | Create | Villager (Male) |
| 3:34 | Create | Villager (Male) |
| 3:34 | Create | Villager (Male) |
| 3:34 | Create | Villager (Male) |
| 3:58 | Create | Villager (Male) |
| 4:11 | Create | Villager (Male) |
| 4:11 | Create | Villager (Male) |
| 4:11 | Create | Villager (Male) |
| 4:47 | Build | Settlement |
| 5:31 | Create | Villager (Male) |
| 5:45 | Create | Villager (Male) |
| 6:18 | Create | Villager (Male) |
| 6:41 | Research | Feudal Age |
| 6:42 | Research | Feudal Age |
| 6:42 | Research | Feudal Age |
| 6:43 | Research | Loom |
| 7:03 | Build | Settlement |
| 7:59 | Build | Barracks |
| 8:05 | Build | Barracks |
| 8:07 | Build | House |
| 8:56 | Age | Feudal Age |
| 9:00 | Create | Villager (Male) |
| 9:12 | Build | Archery Range |
| 9:15 | Build | Archery Range |
| 9:17 | Build | Palisade Wall |
| 9:20 | Create | Villager (Male) |
| 9:41 | Create | Villager (Male) |
| 9:58 | Research | Double-Bit Axe |
| 10:14 | Build | Blacksmith |
| 10:16 | Build | House |
| 10:19 | Create | Archer |
| 10:19 | Create | Archer |
| 10:31 | Create | Archer |
| 10:32 | Create | Villager (Male) |
| 10:45 | Create | Villager (Male) |
| 11:00 | Create | Archer |
| 11:08 | Create | Archer |
| 11:17 | Research | Fletching |
| 11:17 | Research | Fletching |
| 11:19 | Research | Double-Bit Axe |
| 11:19 | Research | Double-Bit Axe |
| 11:20 | Create | Archer |
| 11:21 | Create | Archer |
| 11:21 | Create | Archer |
| 11:24 | Create | Villager (Male) |
| 11:51 | Create | Archer |
| 11:51 | Create | Archer |
| 11:52 | Create | Villager (Male) |
| 12:03 | Create | Villager (Male) |
| 12:05 | Build | Settlement |
| 12:09 | Build | Blacksmith |
| 12:12 | Build | Settlement |
| 12:17 | Create | Archer |
| 12:17 | Create | Archer |
| 12:17 | Create | Archer |
| 12:19 | Create | Villager (Male) |
| 12:39 | Create | Villager (Male) |
| 12:51 | Build | Farm |
| 12:59 | Create | Archer |
| 12:59 | Create | Archer |
| 13:12 | Create | Archer |
| 13:12 | Create | Archer |
| 13:13 | Create | Villager (Male) |
| 13:40 | Create | Villager (Male) |
| 13:41 | Create | Archer |
| 13:41 | Create | Archer |
| 13:49 | Build | Farm |
| 13:51 | Build | Farm |
| 13:53 | Build | Farm |
| 13:57 | Create | Archer |
| 13:57 | Create | Archer |
| 13:57 | Create | Archer |
| 14:01 | Create | Villager (Male) |
| 14:09 | Build | House |
| 14:10 | Build | Palisade Wall |
| 14:11 | Build | House |
| 14:12 | Build | Palisade Wall |
| 14:13 | Build | House |
| 14:26 | Create | Archer |
| 14:26 | Create | Archer |
| 14:44 | Create | Villager (Male) |
| 14:44 | Create | Archer |
| 14:55 | Create | Villager (Male) |
| 14:56 | Build | Farm |
| 14:58 | Build | Farm |
| 15:05 | Create | Archer |
| 15:05 | Create | Archer |
| 15:06 | Create | Archer |
| 15:06 | Create | Villager (Male) |
| 15:16 | Build | Farm |
| 15:20 | Build | House |
| 15:26 | Create | Villager (Male) |
| 15:34 | Create | Archer |
| 16:12 | Create | Archer |
| 16:18 | Create | Villager (Male) |
| 16:32 | Create | Villager (Male) |
| 16:35 | Build | Market |
| 17:10 | Create | Villager (Male) |
| 17:11 | Build | Farm |
| 17:56 | Research | Castle Age |
| 17:56 | Research | Castle Age |
| 18:01 | Create | Archer |
| 18:01 | Create | Archer |
| 18:01 | Create | Archer |
| 18:02 | Create | Archer |
| 18:14 | Build | Farm |
| 18:15 | Build | Farm |
| 18:17 | Build | Farm |
| 18:34 | Create | Archer |
| 18:34 | Create | Archer |
| 18:53 | Research | Padded Archer Armor |
| 18:53 | Research | Padded Archer Armor |
| 19:01 | Create | Archer |
| 19:01 | Create | Archer |
| 19:10 | Build | House |
| 19:14 | Build | House |
| 19:39 | Create | Archer |
| 19:40 | Create | Archer |
| 20:10 | Create | Archer |
| 20:11 | Create | Archer |
| 20:17 | Create | Villager (Male) |
| 20:36 | Age | Castle Age |
| 20:38 | Research | Crossbowman (upgrade) |
| 20:43 | Build | University |
| 20:46 | Research | Bodkin Arrow |
| 20:46 | Research | Bodkin Arrow |
| 20:47 | Research | Bodkin Arrow |
| 21:04 | Create | Villager (Male) |
| 21:37 | Research | Thumb Ring |
| 22:01 | Research | Ballistics |
| 22:01 | Research | Ballistics |
| 22:02 | Create | Villager (Male) |
| 22:06 | Create | Archer |
| 22:06 | Create | Archer |
| 22:07 | Create | Archer |
| 22:11 | Create | Villager (Male) |
| 22:12 | Create | Archer |
Build order — Oni.dogao
First 150 of 208 actions detected
| 0:02 | Create | Villager (Male) ×4 |
| 0:03 | Build | House |
| 0:04 | Build | House |
| 1:33 | Create | Villager (Male) |
| 1:33 | Create | Villager (Male) |
| 1:33 | Create | Villager (Male) |
| 2:05 | Create | Villager (Male) |
| 2:05 | Create | Villager (Male) |
| 2:23 | Create | Villager (Male) |
| 2:24 | Create | Villager (Male) |
| 2:42 | Build | Lumber Camp |
| 2:47 | Create | Villager (Male) |
| 2:47 | Create | Villager (Male) |
| 2:48 | Create | Villager (Male) |
| 3:06 | Create | Villager (Male) |
| 3:06 | Create | Villager (Male) |
| 3:42 | Create | Villager (Male) |
| 3:42 | Create | Villager (Male) |
| 4:29 | Build | Mill |
| 4:53 | Create | Villager (Male) |
| 5:00 | Build | House |
| 5:19 | Create | Villager (Male) |
| 5:19 | Research | Loom |
| 6:12 | Create | Villager (Male) |
| 6:12 | Create | Villager (Male) |
| 6:12 | Create | Villager (Male) |
| 6:14 | Build | House |
| 7:29 | Research | Feudal Age |
| 7:41 | Build | Barracks |
| 8:07 | Build | Barracks |
| 8:23 | Build | Palisade Wall |
| 8:25 | Build | Palisade Wall |
| 8:57 | Build | House |
| 9:39 | Age | Feudal Age |
| 9:41 | Create | Villager (Male) |
| 9:41 | Create | Villager (Male) |
| 9:44 | Build | Stable |
| 10:13 | Research | Double-Bit Axe |
| 10:13 | Research | Double-Bit Axe |
| 10:13 | Research | Double-Bit Axe |
| 10:15 | Create | Villager (Male) |
| 10:26 | Create | Scout Cavalry |
| 10:27 | Create | Scout Cavalry |
| 10:28 | Build | House |
| 10:31 | Build | House |
| 10:41 | Create | Villager (Male) |
| 10:46 | Research | Horse Collar |
| 10:46 | Research | Horse Collar |
| 10:59 | Build | Farm |
| 11:09 | Create | Scout Cavalry |
| 11:12 | Build | House |
| 11:18 | Create | Villager (Male) |
| 11:22 | Build | Farm |
| 11:28 | Create | Scout Cavalry |
| 11:41 | Build | Farm |
| 11:45 | Create | Villager (Male) |
| 11:45 | Create | Villager (Male) |
| 11:52 | Build | Farm |
| 11:57 | Build | Farm |
| 12:08 | Build | House |
| 12:11 | Create | Villager (Male) |
| 12:12 | Create | Scout Cavalry |
| 12:20 | Build | Farm |
| 12:28 | Create | Villager (Male) |
| 12:45 | Build | Mining Camp |
| 12:51 | Create | Scout Cavalry |
| 12:53 | Build | House |
| 13:02 | Build | Farm |
| 13:04 | Build | Farm |
| 13:13 | Create | Villager (Male) |
| 13:17 | Build | Farm |
| 13:31 | Build | Farm |
| 13:39 | Create | Villager (Male) |
| 13:39 | Create | Villager (Male) |
| 13:43 | Build | Farm |
| 13:54 | Build | Farm |
| 13:54 | Build | Farm |
| 13:56 | Create | Villager (Male) |
| 14:00 | Create | Scout Cavalry |
| 14:16 | Build | Farm |
| 14:18 | Build | Farm |
| 14:19 | Create | Scout Cavalry |
| 14:26 | Create | Villager (Male) |
| 14:27 | Build | Farm |
| 14:44 | Research | Bloodlines |
| 14:45 | Research | Bloodlines |
| 14:49 | Build | Farm |
| 14:54 | Create | Villager (Male) |
| 14:54 | Create | Villager (Male) |
| 14:57 | Build | House |
| 15:17 | Create | Villager (Male) |
| 15:22 | Build | Blacksmith |
| 15:39 | Create | Villager (Male) |
| 15:44 | Create | Scout Cavalry |
| 15:52 | Create | Villager (Male) |
| 15:54 | Build | Farm |
| 15:55 | Build | Farm |
| 15:56 | Build | Farm |
| 15:57 | Build | Farm |
| 16:08 | Create | Villager (Male) |
| 16:18 | Create | Scout Cavalry |
| 16:29 | Build | Farm |
| 16:31 | Build | Farm |
| 16:40 | Research | Scale Barding Armor |
| 16:40 | Research | Scale Barding Armor |
| 16:49 | Create | Villager (Male) |
| 17:09 | Build | Farm |
| 17:12 | Build | Farm |
| 17:15 | Create | Scout Cavalry |
| 17:23 | Create | Villager (Male) |
| 17:44 | Build | Stable |
| 17:46 | Create | Villager (Male) |
| 17:47 | Create | Scout Cavalry |
| 18:05 | Build | Farm |
| 18:09 | Create | Scout Cavalry |
| 18:10 | Create | Villager (Male) |
| 18:18 | Build | Farm |
| 18:22 | Create | Scout Cavalry |
| 18:28 | Research | Forging |
| 18:28 | Research | Forging |
| 18:32 | Build | Farm |
| 18:36 | Create | Villager (Male) |
| 18:42 | Build | House |
| 18:52 | Create | Villager (Male) |
| 18:56 | Build | Farm |
| 19:01 | Create | Scout Cavalry |
| 19:06 | Create | Villager (Male) |
| 19:18 | Create | Villager (Male) |
| 19:19 | Build | Mill |
| 19:29 | Create | Scout Cavalry |
| 19:38 | Create | Villager (Male) |
| 19:56 | Create | Villager (Male) |
| 19:58 | Build | Market |
| 20:22 | Build | Farm |
| 20:54 | Research | Castle Age |
| 20:55 | Research | Castle Age |
| 20:59 | Create | Scout Cavalry |
| 20:59 | Create | Scout Cavalry |
| 21:12 | Build | Farm |
| 21:16 | Build | Farm |
| 21:31 | Create | Scout Cavalry |
| 21:31 | Create | Scout Cavalry |
| 21:32 | Research | Gold Mining |
| 21:32 | Research | Gold Mining |
| 21:50 | Build | Lumber Camp |
| 21:54 | Create | Scout Cavalry |
| 21:54 | Create | Scout Cavalry |
| 22:07 | Build | House |
| 22:07 | Build | House |
| 22:07 | Build | House |
Match timeline
| 3:17 | Oni.FreakinAndy · wall_segment Palisade Wall x1 |
| 7:28 | Oni.FreakinAndy · wall_segment Palisade Wall x1 |
| 7:33 | Oni.FreakinAndy · first_building Barracks |
| 7:39 | Chainsmokers · first_building Donjon |
| 7:41 | Oni.dogao · first_building Barracks |
| 7:44 | Oni.FreakinAndy · wall_segment Palisade Wall x1 |
| 7:59 | BSL | Dragonstar · first_building Barracks |
| 8:23 | Oni.dogao · wall_segment Palisade Wall x1 |
| 8:25 | Oni.dogao · wall_segment Palisade Wall x1 |
| 8:39 | Oni.FreakinAndy · age_up feudal |
| 8:41 | Oni.FreakinAndy · first_building Archery Range |
| 8:55 | Oni.TheViper · age_up feudal |
| 8:56 | BSL | Dragonstar · age_up feudal |
| 8:56 | 12345 · first_building Barracks |
| 9:00 | Oni.Kingstone · first_building Barracks |
| 9:04 | Oni.Kingstone · wall_segment Palisade Wall x11 |
| 9:12 | BSL | Dragonstar · first_building Archery Range |
| 9:17 | BSL | Dragonstar · wall_segment Palisade Wall x1 |
| 9:17 | Chainsmokers · age_up feudal |
| 9:18 | Chainsmokers · first_building Stable |
| 9:39 | 12345 · age_up feudal |
| 9:39 | Oni.dogao · age_up feudal |
| 9:44 | Oni.dogao · first_building Stable |
| 9:45 | ANKR.Blve · age_up feudal |
| 9:48 | ANKR.Blve · first_building Barracks |
| 9:52 | Oni.FreakinAndy · wall_segment Stone Wall x12 |
| 9:55 | 12345 · first_building Stable |
| 10:22 | ANKR.Blve · first_building Archery Range |
| 10:29 | Oni.FreakinAndy · wall_segment Stone Wall x1 |
| 10:36 | Oni.FreakinAndy · wall_segment Stone Wall x1 |
| 10:42 | Oni.FreakinAndy · first_building Dock |
| 10:45 | ANKR.Blve · wall_segment Palisade Wall x1 |
| 10:48 | Oni.Kingstone · age_up feudal |
| 10:51 | Oni.Kingstone · first_building Archery Range |
| 11:27 | Oni.Kingstone · wall_segment Palisade Wall x1 |
| 11:27 | Oni.Kingstone · wall_segment Palisade Wall x1 |
| 11:28 | Oni.Kingstone · wall_segment Palisade Wall x1 |
| 11:50 | Oni.FreakinAndy · wall_segment Stone Wall x1 |
| 12:13 | ANKR.Blve · wall_segment Palisade Wall x1 |
| 12:21 | Oni.Kingstone · wall_segment Palisade Wall x1 |
| 12:23 | Oni.Kingstone · wall_segment Palisade Wall x1 |
| 12:25 | Oni.Kingstone · wall_segment Palisade Wall x1 |
| 12:26 | Oni.Kingstone · wall_segment Palisade Wall x1 |
| 12:26 | Oni.Kingstone · wall_segment Palisade Wall x1 |
| 12:29 | Oni.Kingstone · wall_segment Palisade Wall x1 |
| 12:32 | Oni.Kingstone · wall_segment Palisade Wall x1 |
| 12:34 | Oni.Kingstone · wall_segment Palisade Wall x1 |
| 12:41 | Oni.FreakinAndy · wall_segment Stone Wall x1 |
| 12:42 | Oni.FreakinAndy · wall_segment Stone Wall x1 |
| 12:43 | Oni.FreakinAndy · wall_segment Stone Wall x1 |
| 12:53 | 12345 · wall_segment Palisade Wall x6 |
| 13:35 | Oni.Kingstone · wall_segment Palisade Wall x1 |
| 14:10 | BSL | Dragonstar · wall_segment Palisade Wall x1 |
| 14:12 | BSL | Dragonstar · wall_segment Palisade Wall x2 |
| 15:17 | Oni.FreakinAndy · wall_segment Stone Wall x1 |
| 15:18 | Oni.FreakinAndy · wall_segment Stone Wall x1 |
| 15:19 | Oni.FreakinAndy · wall_segment Stone Wall x1 |
| 15:23 | Oni.FreakinAndy · wall_segment Stone Wall x11 |
| 15:26 | Oni.FreakinAndy · wall_segment Stone Wall x1 |
| 15:47 | Oni.TheViper · first_market_buy 100 food |
| 16:06 | Oni.TheViper · first_building Barracks |
| 17:01 | Oni.TheViper · first_building Stable |
| 17:26 | BSL | Dragonstar · first_market_sell 500 stone |
| 17:27 | BSL | Dragonstar · first_market_buy 100 food |
| 17:32 | Oni.Kingstone · first_market_sell 100 stone |
| 17:44 | Chainsmokers · wall_segment Stone Wall x7 |
| 17:52 | Chainsmokers · wall_segment Stone Wall x10 |
| 17:56 | Chainsmokers · wall_segment Stone Wall x8 |
| 18:09 | Chainsmokers · wall_segment Stone Wall x1 |
| 18:10 | Chainsmokers · wall_segment Stone Wall x1 |
| 18:10 | Chainsmokers · wall_segment Stone Wall x1 |
| 18:17 | Chainsmokers · wall_segment Stone Wall x1 |
| 18:18 | Chainsmokers · wall_segment Stone Wall x1 |
| 18:19 | 12345 · wall_segment Palisade Wall x4 |
| 18:20 | 12345 · wall_segment Palisade Wall x2 |
| 18:24 | 12345 · wall_segment Palisade Wall x4 |
| 18:25 | Oni.Kingstone · wall_segment Palisade Wall x7 |
| 18:27 | Oni.Kingstone · wall_segment Palisade Wall x1 |
| 18:28 | Oni.Kingstone · wall_segment Palisade Wall x1 |
| 18:33 | Oni.Kingstone · wall_segment Palisade Wall x3 |
| 18:35 | Oni.Kingstone · wall_segment Palisade Wall x1 |
| 18:40 | ANKR.Blve · wall_segment Palisade Wall x8 |
| 18:41 | Oni.Kingstone · first_market_buy 100 food |
| 18:45 | ANKR.Blve · wall_segment Palisade Wall x1 |
| 18:46 | ANKR.Blve · wall_segment Palisade Wall x5 |
| 19:06 | 12345 · wall_segment Palisade Wall x1 |
| 19:36 | Oni.TheViper · age_up castle |
| 19:57 | 12345 · wall_segment Palisade Wall x1 |
| 19:59 | 12345 · wall_segment Palisade Wall x2 |
| 20:01 | 12345 · wall_segment Palisade Wall x1 |
| 20:02 | Oni.FreakinAndy · wall_segment Stone Wall x1 |
| 20:03 | 12345 · wall_segment Palisade Wall x10 |
| 20:05 | 12345 · wall_segment Palisade Wall x4 |
| 20:24 | Oni.Kingstone · wall_segment Palisade Wall x1 |
| 20:27 | Oni.FreakinAndy · wall_segment Stone Wall x1 |
| 20:28 | Oni.FreakinAndy · wall_segment Stone Wall x1 |
| 20:29 | Oni.FreakinAndy · wall_segment Stone Wall x1 |
| 20:30 | Oni.Kingstone · wall_segment Palisade Wall x1 |
| 20:33 | Oni.FreakinAndy · first_market_sell 100 wood |
| 20:36 | BSL | Dragonstar · age_up castle |
| 20:52 | Oni.Kingstone · wall_segment Palisade Wall x1 |
| 20:52 | Oni.dogao · first_market_buy 100 food |
| 20:54 | Oni.dogao · first_market_sell 100 stone |
| 20:59 | Chainsmokers · wall_segment Palisade Wall x1 |
| 21:01 | Chainsmokers · wall_segment Palisade Wall x1 |
| 21:04 | ANKR.Blve · age_up castle |
| 21:07 | Oni.FreakinAndy · wall_segment Stone Wall x1 |
| 21:52 | 12345 · age_up castle |
| 22:06 | Oni.FreakinAndy · first_market_buy 100 food |
| 22:36 | Oni.Kingstone · wall_segment Palisade Wall x1 |
| 22:37 | Oni.Kingstone · wall_segment Palisade Wall x1 |
| 22:52 | Oni.TheViper · first_building Monastery |
| 23:23 | Oni.Kingstone · age_up castle |
| 23:34 | Oni.dogao · age_up castle |
| 24:52 | Chainsmokers · age_up castle |
| 24:55 | Chainsmokers · first_building Siege Workshop |
| 25:38 | Oni.dogao · wall_segment Palisade Wall x1 |
| 25:40 | Oni.dogao · wall_segment Palisade Wall x1 |
| 25:44 | Chainsmokers · first_market_sell 100 wood |
| 26:10 | Oni.Kingstone · first_building Monastery |
| 28:26 | 12345 · resign |
[ AI ANALYSIS · 1 CREDIT ]
What really happened in this match?
Wolo.gg analyzes every decision: build order, eco, micro, common mistakes by bracket. Personalized analysis on WhatsApp or Discord in 30 seconds.
Civ guide
Sicilians
Perfil
Jugador #22654796